 Dungeon Crawl Stone Soup version 0.21-a0-450-gd87a9b27c2 (webtiles) character file.

88543 Infinimo the Bludgeoner (level 15, 0/126 HPs)
             Began as a Demonspawn Fighter on Nov 19, 2017.
             Was an Initiate of Gozag.
             Slain by a cyclops (9 damage)
             ... while paralysed
             ... on level 14 of the Dungeon.
             The game lasted 00:54:41 (24777 turns).

Infinimo the Bludgeoner (Demonspawn Fighter)       Turns: 24777, Time: 00:54:42

Health: 0/126      AC: 26    Str: 22    XL:     15   Next: 46%
Magic:  15/15      EV:  2    Int: 11    God:    Gozag
Gold:   6322       SH:  0    Dex: 12    Spells: 14/14 levels left

rFire    . . .     SeeInvis .   r - +6 flail (venom)
rCold    . . .     Gourm    .   c - +2 shield
rNeg     . . .     Faith    .   y - +4 chain mail
rPois    +         Spirit   .   M - +2 hat
rElec    .         Reflect  .   u - +2 cloak {rPois}
rCorr    .         Harm     .   a - +2 pair of gloves
MR       ++...                  K - +0 pair of boots
Stlth    ..........             (no amulet)
HPRegen  2.31/turn              Z - ring of protection from magic
MPRegen  0.14/turn              (no ring)

@: paralysed, gold aura, berserk cooldown, slowed
A: antennae 2, large bone plates 2, nightstalker 1, powered by death 3
a: Potion Petition, Call Merchant, Bribe Branch, Renounce Religion


You were on level 14 of the Dungeon.
You worshipped Gozag.
Gozag was greatly pleased with you.
You were hungry.

You visited 3 branches of the dungeon, and saw 22 of its levels.
You also visited: Ice Cave.

You collected 8795 gold pieces.
You spent 2435 gold pieces at shops.
You paid 38 gold pieces to Gozag.

Inventory:

Hand Weapons
 r - a +6 flail of venom (weapon)
Armour
 a - a +2 pair of gloves (worn)
 c - a +2 shield (worn)
 t - a scarf of cloud immunity
 u - a +2 cloak of poison resistance (worn)
 y - a +4 chain mail (worn)
 K - a +0 pair of boots (worn)
 M - a +2 hat (worn)
 R - a +0 large shield
Magical Staves
 A - an uncursed staff of wizardry
Jewellery
 z - an uncursed ring of fire
 C - an uncursed ring of ice
 D - a +3 ring of dexterity {unknown}
 E - an uncursed ring of see invisible
 I - an uncursed ring of ice
 Z - a ring of protection from magic (left hand)
Wands
 s - a wand of acid (10/15)
 x - a wand of digging (9/24)
 Y - a wand of iceblast (3/15)
Scrolls
 l - 8 scrolls of remove curse
 m - 5 scrolls of identify
 q - 6 scrolls of teleportation
 v - 5 scrolls of blinking
 w - 3 scrolls of silence
 O - 2 scrolls of enchant weapon
 U - a scroll of fear
Potions
 d - 2 potions of might
 e - 11 potions of curing
 g - a potion of ambrosia
 i - 3 potions of agility
 j - 2 potions of flight
 n - 2 potions of brilliance
 o - 3 potions of haste
 F - 2 potions of berserk rage
 L - 3 potions of resistance
 P - a potion of magic
Books
 b - a book of Conjurations

   Spells                             Type                      Level
   a - Magic Dart                     Conjuration                  1
   b - Searing Ray                    Conjuration                  2
   c - Dazzling Spray                 Conjuration/Hexes            3
   d - Fulminant Prism                Conjuration/Hexes            4
   e - Force Lance                    Conjuration/Translocation    4
   f - Iskenderun's Mystic Blast      Conjuration                  4
 f - a book of Necromancy

   Spells                             Type                      Level
   a - Pain                           Necromancy                   1
   b - Animate Skeleton               Necromancy                   1
   c - Vampiric Draining              Necromancy                   3
   d - Regeneration                   Charms/Necromancy            3
   e - Animate Dead                   Necromancy                   4
   f - Control Undead                 Necromancy                   4
 k - a book of the Dragon

   Spells                             Type                      Level
   a - Flame Tongue                   Conjuration/Fire             1
   b - Cause Fear                     Hexes                        4
   c - Bolt of Fire                   Conjuration/Fire             6
   d - Dragon Form                    Transmutation                7
   e - Dragon's Call                  Summoning                    9
 p - a book of Battle

   Spells                             Type                      Level
   a - Infusion                       Charms                       1
   b - Shroud of Golubria             Charms/Translocation         2
   c - Song of Slaying                Charms                       2
   d - Spectral Weapon                Hexes/Charms                 3
   e - Regeneration                   Charms/Necromancy            3
 B - Widuhuzi's Volume of the Glacier
   (You found it in an ice cave)

   Spells                             Type                      Level
   a - Throw Frost                    Conjuration/Ice              2
   b - Ensorcelled Hibernation        Hexes/Ice                    2
   c - Throw Icicle                   Conjuration/Ice              4
   d - Bolt of Cold                   Conjuration/Ice              6
   e - Ozocubu's Refrigeration        Ice                          6
   f - Simulacrum                     Ice/Necromancy               6
Comestibles
 h - 9 royal jellies
 H - 3 bread rations
 T - 19 fruits
 X - 3 meat rations


   Skills:
 - Level 14.0 Fighting
 - Level 16.2 Maces & Flails
 - Level 10.6 Armour
 + Level 11.4 Shields


You had 14 spell levels left.
You didn't know any spells.

Dungeon Overview and Level Annotations

Branches:
Dungeon (14/15)            Temple (0/1) D:7            Lair (6/6) D:11
 Shoals (0/4) Lair:4       Spider (0/4) Lair:3        Slime (0/5) Lair:5
    Orc (2/2) D:9             Elf (0/3) Orc:2
 Vaults: D:13-14

Altars:
Dithmenos
Gozag
Makhleb
Nemelex Xobeh
Okawaru
Qazlal
Sif Muna
Uskayaw
Vehumet
Wu Jian
Xom
Yredelemnul
Zin
The Shining One
Beogh

Shops:
D:7 ?   D:12 (   Orc:2 (![(


Innate Abilities, Weirdness & Mutations

You have a pair of antennae on your head.
You are mostly covered in large bone plates. (SH +6)
You are slightly more attuned to the shadows.
You regenerate a lot of health from kills.


Message History

You block the komodo dragon's attack.
The fire dragon is almost dead.
You block the fire dragon's attack.
You bludgeon the fire dragon!!
You kill the fire dragon!
The komodo dragon bites you.
* * * LOW HITPOINT WARNING * * *
You bludgeon the komodo dragon!!
The komodo dragon is severely wounded.
You sock the komodo dragon!
The komodo dragon is almost dead.
You kill the komodo dragon!
The cyclops throws a large rock.
You block the large rock.
You see here 19 gold pieces.
You feel a strong urge to attack something.
You are no longer berserk.
You pass out from exhaustion.
You feel yourself slow down. The cyclops hits you!
You die...
Your body crumbles into a pile of gold.

#.......... #...######.
................# #.
................# #.
................# #.
................# #.
...............# #.
..##............# #.
#.....@$(.......# #.
#.##.C$#####....# #.
#......$(..#.##.# #.
#.#######C.#.##.######.
# $ #..#.##........
#..#.##.<......
#..#.##...[....
...#.##........
####.##........


You could see a cyclops.

Vanquished Creatures
  Gastronok (Lair:1)
  Kirke (D:13)
  A frost giant (IceCv)
  Nessos (D:13)
  Snorg (Lair:5)
  A fire dragon (D:14)
  Fannar (D:11)
  3 hydras
  2 death knights (D:13)
  An ogre mage (Orc:1)
  8 death yaks
  10 two-headed ogres
  An orc high priest (Orc:2)
  Urug (D:13)
  A skeletal warrior (D:14)
  2 wizards
  Pikel (D:8)
  3 orc knights
  A phantasmal warrior (D:13)
  2 ugly things
  5 orc sorcerers (Orc:2)
  A cyclops (Orc:1)
  14 elephants
  2 merfolk sirens (Lair:4)
  Maurice (D:8)
  A centaur zombie (D:13)
  4 black mambas
  An ice statue (IceCv)
  25 spiny frogs
  3 rime drakes
  A gargoyle (D:14)
  Psyche (D:11)
  5 komodo dragons
  2 kobold demonologists
  2 jumping spiders (Lair:3)
  3 meliai (D:12)
  A merfolk (Lair:4)
  9 trolls
  Grinder (D:5)
  4 tyrant leeches (Lair:6)
  17 polar bears (IceCv)
  31 blink frogs
  4 slime creatures (D:12)
  6 hippogriffs
  4 dream sheep (Lair:6)
  A centaur simulacrum (D:12)
  A redback (Lair:3)
  A spriggan (D:10)
  A wraith (D:13)
  A shadow (D:12)
  A wyvern (D:10)
  A hog (D:13)
  A basilisk (Lair:4)
  29 yaks
  A steam dragon (D:12)
  9 vampire mosquitoes
  A warg (Orc:2)
  Menkaure (D:5)
  2 acid dragons
  Edmund (D:4)
  13 water moccasins
  9 porcupines
  A slave (D:8)
  4 ice beasts
  3 sky beasts
  A black bear (D:12)
  21 orc warriors
  A necrophage (D:10)
  2 phantoms
  17 ogres
  16 wolves
  5 centaurs
  9 crocodiles
  22 bullfrogs
  A wyvern zombie (D:10)
  7 big kobolds
  3 gnoll sergeants
  A water moccasin zombie (D:7)
  2 scorpions
  10 killer bees
  9 wights
  3 electric eels
  2 howler monkeys
  5 crimson imps
  10 hounds
  21 orc priests
  A bullfrog zombie (D:12)
  4 centaur skeletons
  5 jellies
  50 orc wizards
  Crazy Yiuf (D:4)
  2 gnoll shamans (D:9)
  A bullfrog skeleton (D:12)
  4 iguanas
  12 worker ants
  2 hound skeletons
  3 hound zombies
  24 gnolls
  8 adders
  A shadow imp (D:8)
  12 white imps (D:13)
  6 oozes
  An adder skeleton (D:4)
  2 adder zombies
  8 worms
  3 dart slugs
  5 leopard geckos
  102 orcs
  5 giant cockroaches
  11 goblins
  6 hobgoblins
  19 jackals
  5 quokkas
  3 ball pythons (D:2)
  7 bats
  3 frilled lizards
  23 kobolds
  A leopard gecko skeleton (D:7)
  6 rats
787 creatures vanquished.

Vanquished Creatures (collateral kills)
  A plant (Lair:6)
1 creature vanquished.

Vanquished Creatures (others)
  A centaur (D:8)
  Ijyb (D:4)
  An adder (D:8)
  4 fungi (Lair:6)
  26 plants (Lair:6)
33 creatures vanquished.

Grand Total: 821 creatures vanquished

Notes
Turn   | Place    | Note
-------+----------+-------------------------------------------
     0 | D:1      | Infinimo the Demonspawn Fighter began the quest for the Orb.
     0 | D:1      | Reached XP level 1. HP: 18/18 MP: 1/1
    36 | D:1      | Reached skill level 2 in Maces & Flails
   270 | D:1      | Gained mutation: You are slightly more attuned to the shadows. [demonic ancestry]
   270 | D:1      | Reached XP level 2. HP: 19/24 MP: 2/2
   828 | D:1      | Reached skill level 3 in Maces & Flails
   981 | D:2      | Gained mutation: You regenerate a little health from kills. [demonic ancestry]
   981 | D:2      | Reached XP level 3. HP: 18/29 MP: 3/3
  1409 | D:2      | Found an opulent altar of Gozag.
  1578 | D:2      | Gained mutation: You have a pair of small antennae on your head. [demonic ancestry]
  1578 | D:2      | Reached XP level 4. HP: 35/35 MP: 4/4
  1590 | D:2      | Reached skill level 4 in Maces & Flails
  1822 | D:2      | Found an ornate altar of the Wu Jian Council.
  1877 | D:2      | Became a worshipper of Gozag Ym Sagoz the Greedy
  2759 | D:3      | Reached skill level 11 in Maces & Flails
  2759 | D:3      | Gained mutation: You are partially covered in large bone plates. (SH +4) [demonic ancestry]
  2759 | D:3      | Reached XP level 5. HP: 41/41 MP: 5/5
  2827 | D:4      | Gained mutation: You are mostly covered in large bone plates. (SH +6) [demonic ancestry]
  2827 | D:4      | Reached XP level 6. HP: 39/47 MP: 6/6
  2847 | D:4      | Found a radiant altar of Vehumet.
  2848 | D:4      | Noticed Edmund
  2871 | D:4      | Killed Edmund
  2938 | D:4      | Reached XP level 7. HP: 42/53 MP: 7/7
  3004 | D:4      | Killed Ijyb
  3342 | D:4      | Found a sparkling altar of Nemelex Xobeh.
  3416 | D:4      | Found a runed door.
  3696 | D:4      | Noticed Crazy Yiuf
  3702 | D:4      | Killed Crazy Yiuf
  3740 | D:5      | Entered Level 5 of the Dungeon
  4110 | D:5      | Gained mutation: You have a pair of antennae on your head. [demonic ancestry]
  4110 | D:5      | Reached XP level 8. HP: 50/61 MP: 8/8
  4329 | D:5      | Reached skill level 5 in Fighting
  4339 | D:5      | Noticed Menkaure
  4350 | D:5      | Killed Menkaure
  4499 | D:5      | Noticed Grinder
  4507 | D:5      | Killed Grinder
  4507 | D:5      | Reached skill level 5 in Shields
  5078 | D:6      | Found an iron altar of Okawaru.
  5104 | D:6      | Found a glowing golden altar of the Shining One.
  5554 | D:7      | Reached XP level 9. HP: 49/69 MP: 9/9
  5713 | D:7      | Found a staircase to the Ecumenical Temple.
  5820 | D:7      | Reached skill level 12 in Maces & Flails
  6096 | D:7      | Found Micso's Magic Scroll Shoppe.
  6135 | D:7      | Bought a scroll of identify for 26 gold pieces
  6135 | D:7      | Bought a scroll of identify for 26 gold pieces
  6135 | D:7      | Bought a scroll of blinking for 97 gold pieces
  6135 | D:7      | Bought a scroll of identify for 26 gold pieces
  6135 | D:7      | Bought a scroll of teleportation for 39 gold pieces
  6303 | D:7      | Found a shimmering altar of Xom.
  6303 | D:7      | Found a basalt altar of Yredelemnul.
  6417 | D:8      | Noticed a two-headed ogre
  6428 | D:8      | Killed a two-headed ogre
  6428 | D:8      | Reached XP level 10. HP: 76/76 MP: 10/10
  6458 | D:8      | Noticed Pikel
  6472 | D:8      | Killed Pikel
  6472 | D:8      | Reached skill level 13 in Maces & Flails
  6704 | D:8      | Noticed Maurice
  6721 | D:8      | Killed Maurice
  7453 | D:9      | Found a deep blue altar of Sif Muna.
  7486 | D:9      | Found a shadowy altar of Dithmenos.
  7520 | D:9      | Found a hide-covered altar of Uskayaw.
  7620 | D:9      | Noticed a two-headed ogre
  7632 | D:9      | Killed a two-headed ogre
  7632 | D:9      | Reached skill level 14 in Maces & Flails
  8099 | D:9      | Found a glowing silver altar of Zin.
  8099 | D:9      | Noticed an angel
  8246 | D:9      | Reached XP level 11. HP: 69/81 MP: 11/11
  8339 | D:9      | Found a staircase to the Orcish Mines.
  8864 | Orc:1    | Entered Level 1 of the Orcish Mines
  9256 | D:10     | Entered Level 10 of the Dungeon
  9386 | D:10     | Found a shadowy altar of Dithmenos.
  9690 | D:10     | Reached skill level 15 in Maces & Flails
 10849 | D:11     | Noticed a white ugly thing
 10874 | D:11     | Killed a white ugly thing
 11036 | D:11     | Noticed Psyche
 11040 | D:11     | Killed Psyche
 11329 | D:11     | Noticed Fannar
 11354 | D:11     | Killed Fannar
 11447 | D:11     | Found a staircase to the Lair.
 11555 | Lair:1   | Entered Level 1 of the Lair of Beasts
 11807 | Lair:1   | Noticed Gastronok
 11891 | Lair:1   | Killed Gastronok
 11891 | Lair:1   | Reached skill level 16 in Maces & Flails
 12728 | Lair:2   | Gained mutation: You regenerate health from kills. [demonic ancestry]
 12728 | Lair:2   | Reached XP level 12. HP: 80/87 MP: 12/12
 14054 | Lair:3   | Found a hole to the Spider Nest.
 14152 | Lair:3   | Noticed a five-headed hydra
 14176 | Lair:3   | Killed a five-headed hydra
 14485 | Lair:3   | Reached skill level 10 in Shields
 15077 | Lair:4   | Noticed a four-headed hydra
 15096 | Lair:4   | Killed a four-headed hydra
 15332 | Lair:4   | Noticed a death yak
 15354 | Lair:4   | Killed a death yak
 15354 | Lair:4   | Gained mutation: You regenerate a lot of health from kills. [demonic ancestry]
 15354 | Lair:4   | Reached XP level 13. HP: 94/98 MP: 13/13
 15491 | Lair:4   | Found a staircase to the Shoals.
 16645 | Lair:5   | Reached skill level 10 in Fighting
 16991 | Lair:5   | Noticed Snorg
 17001 | Lair:5   | Killed Snorg
 17436 | Lair:5   | Found a staircase to the Slime Pits.
 17846 | Lair:6   | Entered Level 6 of the Lair of Beasts
 17854 | Lair:6   | Reached skill level 5 in Armour
 18221 | Lair:6   | Reached XP level 14. HP: 93/113 MP: 14/14
 19813 | Orc:1    | Reached skill level 10 in Armour
 19952 | Orc:1    | Found a roughly hewn altar of Beogh.
 20072 | Orc:2    | Entered Level 2 of the Orcish Mines
 20840 | Orc:2    | Found Iluaj's Antique Armour Shop.
 20850 | Orc:2    | Found Vacvarut's Antique Weapon Boutique.
 20851 | Orc:2    | Found Goxicig's Distillery.
 20963 | Orc:2    | Found Nimuturgh's Antique Weapon Shop.
 20966 | Orc:2    | Bought a glowing scarf for 248 gold pieces
 20966 | Orc:2    | Bought an embroidered scarf for 248 gold pieces
 20966 | Orc:2    | Bought shimmering acid dragon scales for 1395 gold pieces
 20976 | Orc:2    | Identified the +1 acid dragon scales of Darkness {MR+++ rCorr Dex-4 SInv} (You bought it in a shop on level 2 of the Orcish Mines)
 21023 | Orc:2    | Bought a potion of curing for 45 gold pieces
 21023 | Orc:2    | Bought a potion of curing for 45 gold pieces
 21023 | Orc:2    | Bought a potion of curing for 45 gold pieces
 21023 | Orc:2    | Bought a potion of curing for 45 gold pieces
 21023 | Orc:2    | Bought a potion of resistance for 150 gold pieces
 21220 | Orc:2    | Found a staircase to the Elven Halls.
 21862 | D:12     | Found Imisio's Weapon Emporium.
 22656 | D:12     | Found a burning altar of Makhleb.
 22786 | D:13     | Found a stormy altar of Qazlal.
 22886 | D:13     | Noticed Nessos
 22917 | D:13     | Killed Nessos
 23105 | D:13     | Found a frozen archway.
 23136 | IceCv    | Entered an ice cave
 23382 | IceCv    | Reached XP level 15. HP: 124/124 MP: 15/15
 23645 | IceCv    | Noticed a frost giant
 23677 | IceCv    | Killed a frost giant
 23731 | IceCv    | Identified Widuhuzi's Volume of the Glacier
 23970 | D:13     | Noticed Kirke
 23996 | D:13     | Killed Kirke
 24067 | D:13     | Noticed Urug
 24090 | D:13     | Killed Urug
 24768 | D:14     | HP: 5/189 [fire dragon/blast of flame (33)]
 24777 | D:14     | Slain by a cyclops

Vault maps used:
D:1:      erik_arrival_blinker_ship
D:2:      nicolae_gozag_cash_rules_everything_around_me, lemuel_round_altar,
          first_bread
D:3:      minmay_misc_feat_rugged
D:4:      fiery_altar_vehumet, old_standard_altar, kennysheep_doodads,
          uniq_edmund, uniq_ijyb, uniq_crazy_yiuf_cottage
D:5:      serial_glass, glass_columns_a, glass_columns_a, roderic_roman_lattice,
          uniq_grinder, uniq_menkaure
D:6:      okawaru_gym_becter, lemuel_doored_altar
D:7:      minmay_flawed_box, nicolae_overflow_hidden_temple, temple_statues,
          serial_shops, shop
D:8:      uniq_maurice, uniq_pikel
D:9:      kennysheep_mini, eat_drink_and_be_merry_uskayaw, old_standard_altar,
          zin_angel, hiddenorc2_lemuel, serial_gnoll_camp, gnoll_camp_medium_01,
          gnoll_camp_mini_loothouse, gnoll_camp_medium_02
D:10:     the_bakery, grunt_dithmenos_smoke_and_mirrors
D:11:     lair_entry_dummy, uniq_psyche, uniq_fannar
D:12:     basic_altar, serial_shops, shop
D:13:     portal_ice_cave_entry_imps, grunt_qazlal_clouds, uniq_urug,
          uniq_nessos, uniq_kirke
D:14:     david_vaults_4, minmay_misc_feat_roman
Lair:1:   nicolae_quartered_pool_medium, infiniplex_staircase_pool,
          uniq_gastronok
Lair:3:   spider_nest_entry_a
Lair:4:   elwin_shoals_entry_rooms, bh_chokoban, beast_lair_carwin_7,
          grunt_megastairs_2
Lair:5:   nicolae_slime_entry_slimehenge, serial_bayou_shore_a,
          lemuel_fruit_tree, uniq_snorg
Lair:6:   minmay_lair_end_frog_pond, wad_woods_road_05, lemuel_fruit_fields,
          infiniplex_staircase_pool_2
Orc:1:    minmay_orc_temple_b
Orc:2:    st_orc_mages
IceCv:    ice_cave_caverns_03

Skill      XL: |  1  2  3  4  5  6  7  8  9 10 11 12 13 14 15 |
---------------+----------------------------------------------+-----
Maces & Flails | 2 3 11 12 14 16 | 16.2
Shields        | 3 4 5 10 11 | 11.4
Fighting       | 4 5 7 11 13 14 | 14.0
Armour         | 7 10 | 10.6

Action                   |  1- 3 |  4- 6 |  7- 9 | 10-12 | 13-15 || total
-------------------------+-------+-------+-------+-------+-------++-------
Melee: Flail             |   152 |   131 |   323 |   953 |  1758 ||  3317
Invok: Potion Petition   |       |     1 |       |       |       ||     1
  Use: Scroll            |     4 |     4 |     4 |    15 |    11 ||    38
       Potion            |       |     1 |       |     4 |     7 ||    12
 Stab: Distracted        |       |       |     1 |       |    14 ||    15
       Invisible         |       |       |       |     1 |       ||     1
  Eat: Chunk             |     2 |     1 |       |       |       ||     3
       Bread ration      |       |     1 |     2 |     3 |     5 ||    11
       Meat ration       |       |       |     1 |     3 |       ||     4
       Fruit             |       |       |       |       |     9 ||     9
Armor: Scale mail        |    83 |    53 |    17 |       |       ||   153
       Chain mail        |       |       |    52 |   315 |   478 ||   845
Dodge: Dodged            |    54 |    42 |    36 |    86 |   200 ||   418
Block: Shield            |    83 |    59 |   189 |   651 |  1225 ||  2207

Table legend:
 A = Spawn XP
 B = Non-spawn XP
 C = Spawn XP percentage of total XP
 D = Spawn monster count
 E = Non-spawn monster count
 F = Spawn count percentage of total count
 G = Total turns spent on level
                    A         B        C        D         E        F      G
               +---------+---------+-------+---------+---------+-------+---------
         Total |       0 |  126320 |   0.0 |       0 |     786 |   0.0 | 24777
               +---------+---------+-------+---------+---------+-------+---------
           D:1 |       0 |      37 |   0.0 |       0 |      21 |   0.0 |   934
           D:2 |       0 |      80 |   0.0 |       0 |      28 |   0.0 |  1037
           D:3 |       0 |      65 |   0.0 |       0 |      21 |   0.0 |   820
           D:4 |       0 |     744 |   0.0 |       0 |      18 |   0.0 |   949
           D:5 |       0 |    1011 |   0.0 |       0 |      27 |   0.0 |  1110
           D:6 |       0 |     641 |   0.0 |       0 |      17 |   0.0 |   684
           D:7 |       0 |    2081 |   0.0 |       0 |      41 |   0.0 |   883
           D:8 |       0 |    3144 |   0.0 |       0 |      30 |   0.0 |  1108
           D:9 |       0 |    4335 |   0.0 |       0 |      83 |   0.0 |  1831
          D:10 |       0 |    2306 |   0.0 |       0 |      32 |   0.0 |  1154
          D:11 |       0 |    2991 |   0.0 |       0 |      21 |   0.0 |  1222
          D:12 |       0 |    5380 |   0.0 |       0 |      42 |   0.0 |   894
          D:13 |       0 |   10782 |   0.0 |       0 |      33 |   0.0 |   901
          D:14 |       0 |    6696 |   0.0 |       0 |      17 |   0.0 |   346
        Lair:1 |       0 |    4271 |   0.0 |       0 |      10 |   0.0 |  1403
        Lair:2 |       0 |    5693 |   0.0 |       0 |      22 |   0.0 |   977
        Lair:3 |       0 |    6187 |   0.0 |       0 |      23 |   0.0 |  1176
        Lair:4 |       0 |    9430 |   0.0 |       0 |      27 |   0.0 |  1393
        Lair:5 |       0 |   13006 |   0.0 |       0 |      35 |   0.0 |  1532
        Lair:6 |       0 |   15881 |   0.0 |       0 |      61 |   0.0 |  1508
         Orc:1 |       0 |   10163 |   0.0 |       0 |      55 |   0.0 |   734
         Orc:2 |       0 |    8669 |   0.0 |       0 |      72 |   0.0 |  1394
         IceCv |       0 |   12727 |   0.0 |       0 |      50 |   0.0 |   787
               +---------+---------+-------+---------+---------+-------+---------
